 Dungeon Crawl Stone Soup version 0.24.0-13-gcf9b3192b9 (webtiles) character file.

Game seed: 675575527992670342, levelgen mode: deterministic

1436 inmateoo the Insei (level 9, 0/68 HPs)
             Began as a Human Monk on Nov 6, 2019.
             Was a Believer of Cheibriados.
             Slain by a gnoll sergeant
             ... wielding a +0 trident
              (7 damage)
             ... on level 6 of the Dungeon.
             The game lasted 00:06:55 (4939 turns).

inmateoo the Insei (Human Monk)                     Turns: 4939, Time: 00:06:56

Health: 0/68       AC: 14    Str: 23    XL:     9   Next: 3%
Magic:  9/9        EV: 12    Int: 17    God:    Cheibriados [**....]
Gold:   349        SH:  0    Dex: 24    Spells: 8/8 levels left

rFire    + . .     SeeInvis .     - Unarmed
rCold    . . .     Gourm    .   (no shield)
rNeg     . . .     Faith    .   o - +1 chain mail of Hopscotch {rElec}
rPois    .         Spirit   .   i - +0 hat
rElec    +         Reflect  .   r - +2 cloak {MR+}
rCorr    .         Harm     .   (no gloves)
MR       +....                  s - +0 pair of boots
Stlth    ..........             d - amulet of regeneration
HPRegen  0.61/turn              t - ring of protection from fire
MPRegen  0.11/turn              (no ring)

@: mighty, lightly drained, very slow
A: no striking features
a: Bend Time, Renounce Religion


You were on level 6 of the Dungeon.
You worshipped Cheibriados.
Cheibriados was pleased with you.
You were hungry.

You visited 1 branch of the dungeon, and saw 7 of its levels.

You collected 349 gold pieces.

Inventory:

Armour
 i - a +0 hat (worn)
 o - the +1 chain mail of Hopscotch (worn) {rElec}
   (You found it on level 5 of the Dungeon)

   It insulates you from electricity.
 r - a +2 cloak of magic resistance (worn)
 s - a +0 pair of boots (worn)
Jewellery
 d - an amulet of regeneration (around neck)
 t - a ring of protection from fire (left hand)
Scrolls
 e - 4 scrolls of remove curse
 g - 2 scrolls of identify
 j - 6 scrolls of teleportation
 k - 2 scrolls of enchant weapon
 m - 2 scrolls of magic mapping
 u - a scroll of blinking
Potions
 a - a potion of agility {unknown}
 c - a potion of magic {unknown}
 f - a potion of mutation
 h - a potion of haste {unknown}
 l - 2 potions of flight
 q - a potion of resistance
Comestibles
 b - 6 rations


   Skills:
 + Level 5.6(5.0) Fighting
 + Level 4.0(3.5) Armour
 + Level 5.5(5.0) Dodging
 - Level 2.0(1.5) Stealth
 * Level 7.4(6.8) Unarmed Combat
 + Level 0.7(0.2) Invocations


You had 8 spell levels left.
You didn't know any spells.
Your spell library contained the following spells:

 Spells                   Type           Power        Failure   Level  Hunger
 Animate Skeleton         Necr           N/A          88%         1    ##.....
 Apportation              Tloc           #.....       88%         1    ##.....
 Confusing Touch          Hex            #.....       88%         1    ##.....
 Summon Small Mammal      Summ           #...         88%         1    ##.....


Dungeon Overview and Level Annotations

Branches:
Dungeon (7/15)             Temple (0/1) D:5

Altars:
Cheibriados
Dithmenos
Gozag
Hepliaklqana
Makhleb
Okawaru
Trog
Uskayaw
Xom
Yredelemnul

Shops:
D:4 (   D:5 (

Annotations:
D:7 Eustachio


Message History

The gnoll sergeant is almost dead.
You hit the gnoll sergeant but do no damage.
The gnoll sergeant is almost dead.
The gnoll sergeant barely misses you.
You hit the gnoll sergeant but do no damage.
The gnoll sergeant is almost dead.
The gnoll sergeant hits you with a +0 trident.
* * * LOW HITPOINT WARNING * * *
You hit the gnoll sergeant but do no damage.
The gnoll sergeant is almost dead.
The gnoll sergeant hits you with a +0 trident!
* * * LOW HITPOINT WARNING * * *
The gnoll sergeant blocks your attack.
The gnoll sergeant is almost dead.
The gnoll sergeant misses you.
You barely miss the gnoll sergeant.
The gnoll sergeant is almost dead.
You feel very mighty all of a sudden.
The gnoll sergeant hits you with a +0 trident!
You die...

.#..>....)##......##.............
..........<.......#.........###..
..........[.............#....##..
......................####.......
...............................<.
................#.........#......
................#.#....###....#..
............##.##.#.....#........
..##........#..#@................
...#...........†.g.....##........
.............#.........###.......
...........#.#.........##........
#..#####...#......#.#.####.(.....
#...#.##.#..........###.#........
###.#.>..#.................#.....
.#.....#...........(.##....#...##
....####[............#.....##...#


You could see a gnoll sergeant.

Vanquished Creatures
  2 ice beasts (D:5)
  A phantom (D:5)
  2 ogres (D:5)
  A bullfrog (D:3)
  2 scorpions
  2 wights (D:7)
  A howler monkey (D:4)
  3 crimson imps
  2 bullfrog zombies
  A hound (D:6)
  A quasit (D:5)
  A centaur skeleton (D:6)
  An orc wizard (D:6)
  A bullfrog skeleton (D:4)
  3 worker ants
  A hound skeleton (D:5)
  6 gnolls (D:4)
  12 adders
  A shadow imp (D:5)
  An ooze (D:3)
  An adder skeleton (D:5)
  4 worms
  3 leopard geckos
  12 orcs
  6 bats
  6 giant cockroaches
  4 goblins
  8 hobgoblins
  25 jackals
  3 quokkas
  2 ball pythons
  3 frilled lizards
  7 kobolds
  A leopard gecko zombie (D:6)
  A quokka zombie (D:5)
  8 rats
139 creatures vanquished.

Notes
Turn   | Place    | Note
-------+----------+-------------------------------------------
     0 | D:1      | inmateoo the Human Monk began the quest for the Orb.
     0 | D:1      | Reached XP level 1. HP: 18/18 MP: 1/1
   102 | D:1      | Reached XP level 2. HP: 18/24 MP: 2/2
   294 | D:1      | You fall into a shaft and drop 1 floor!
   895 | D:1      | Reached XP level 3. HP: 29/29 MP: 3/3
  1381 | D:2      | Reached skill level 4 in Unarmed Combat
  1381 | D:2      | Reached XP level 4. HP: 26/35 MP: 4/4
  1498 | D:2      | Found a shadowy altar of Dithmenos.
  1984 | D:3      | Reached XP level 5. HP: 37/41 MP: 5/5
  2078 | D:3      | Reached skill level 1 in Armour
  2134 | D:3      | Noticed a bullfrog
  2148 | D:3      | Killed a bullfrog
  2148 | D:3      | Reached XP level 6. HP: 44/48 MP: 6/6
  2629 | D:4      | Reached skill level 5 in Unarmed Combat
  2769 | D:4      | Found Nuhipoar's Antique Weapon Emporium.
  2858 | D:4      | Reached XP level 7. HP: 49/54 MP: 7/7
  3209 | D:5      | Entered Level 5 of the Dungeon
  3468 | D:5      | Reached skill level 6 in Unarmed Combat
  3608 | D:5      | Reached XP level 8. HP: 56/61 MP: 8/8
  3634 | D:5      | Reached skill level 5 in Fighting
  3712 | D:5      | Reached skill level 5 in Dodging
  3865 | D:5      | Found a shadowy altar of Dithmenos.
  3870 | D:5      | Got a translucent chain mail
  3887 | D:5      | Found a hide-covered altar of Uskayaw.
  3891 | D:5      | Found a shimmering altar of Xom.
  3893 | D:5      | Found a burning altar of Makhleb.
  3893 | D:5      | Found a snail-covered altar of Cheibriados.
  3893 | D:5      | Found a hazy altar of Hepliaklqana.
  3893 | D:5      | Found an iron altar of Okawaru.
  3895 | D:5      | Found a bloodstained altar of Trog.
  3896 | D:5      | Found an opulent altar of Gozag.
  3899 | D:5      | Found a basalt altar of Yredelemnul.
  3902 | D:5      | Became a worshipper of Cheibriados the Contemplative
  3902 | D:5      | Reached * piety under Cheibriados
  3902 | D:5      | Reached ** piety under Cheibriados
  3913 | D:5      | Identified the +1 chain mail of Hopscotch {rElec} (You
                  | found it on level 5 of the Dungeon)
  3948 | D:5      | Found a staircase to the Ecumenical Temple.
  4013 | D:5      | Found a bloodstained altar of Trog.
  4130 | D:5      | Found Woexeqehoo's Weapon Emporium.
  4208 | D:6      | Reached skill level 7 in Unarmed Combat
  4837 | D:7      | Noticed Eustachio
  4840 | D:7      | Reached XP level 9. HP: 54/68 MP: 9/9
  4939 | D:6      | Slain by a gnoll sergeant

Levels and vault maps discovered:
D:1:      minmay_arrival_radiant_lines, layout_basic, st_stairs_5
D:2:      layout_loops_cross, grunt_dithmenos_smoke
D:3:      layout_basic, st_stairs_11
D:4:      layout_basic, first_ration, serial_shops, shop
D:5:      layout_rooms, minitemple, minmay_temple_entry_overgrown, serial_shops,
          shop, trog_book
D:6:      layout_cave_pools
D:7:      layout_basic, fedhas_bush_and_centaur_altar, serial_shops, shop,
          the_bakery, sword_in_stone

Skill      XL: |  1  2  3  4  5  6  7  8 |
---------------+-------------------------+-----
Unarmed Combat | 4 5 6 7 |  7.4
Armour         | 1 2 4 |  4.0
Fighting       | 4 5 |  5.6
Dodging        | 4 5 |  5.5
Stealth        | |  2.0
Invocations    | |  0.7

Action                   |  1- 3 |  4- 6 |  7- 9 || total
-------------------------+-------+-------+-------++-------
Melee: Unarmed           |   156 |   275 |   430 ||   861
       Punch             |     1 |     1 |    16 ||    18
  Use: Scroll            |       |    12 |     4 ||    16
       Potion            |       |       |     2 ||     2
 Stab: Sleeping          |     3 |     2 |       ||     5
  Eat: Chunk             |     2 |     5 |     5 ||    12
Armor: Robe              |    20 |    29 |       ||    49
       Chain mail        |       |   116 |   229 ||   345
Dodge: Dodged            |   100 |   148 |   155 ||   403
